 Dungeon Crawl Stone Soup version 0.29-a0-643-ga013cefcf8 (webtiles) character file.

Game seed: 8554921292258167197

469 bladeefan the Cudgeller (level 7, -4/44 HPs)
             Began as a Gargoyle Monk on June 19, 2022.
             Killed by divine providence
             ... invoked by an orc priest
              (12 damage)
             ... on level 5 of the Dungeon on Aug 10, 2022.
             The game lasted 00:10:05 (5290 turns).

bladeefan the Cudgeller (Gargoyle Monk)             Turns: 5290, Time: 00:10:05

Health: -4/44      AC: 10    Str: 16 (17) XL:     7   Next: 9%
Magic:  7/7        EV: 12    Int:  9 (10) God:
Gold:   112        SH:  0    Dex: 16 (18) Spells: 6/6 levels left

rFire   . . .      SeeInvis .   a - +0 mace
rCold   . . .      Faith    .   (no shield)
rNeg    + . .      Spirit   .   j - +0 ring mail
rPois   ∞          Reflect  .   (no helmet)
rElec   +          Harm     .   (no cloak)
rCorr   .          Rampage  .   (no gloves)
Will    .....                   (no boots)
Stlth   ..........              (no amulet)
HPRegen 0.14/turn               v - +6 ring of dexterity
MPRegen 0.10/turn               (no ring)

@: confused, mighty
A: sickness immunity, AC +4, negative energy resistance 1, electricity
resistance, torment resistance 1, petrification resistance
a: no special abilities


You were on level 5 of the Dungeon.
You visited 1 branch of the dungeon, and saw 5 of its levels.

You collected 112 gold pieces.

Inventory:

Hand Weapons
 a - a +0 mace (weapon)
Missiles
 d - 2 throwing nets (quivered) {!f}
Armour
 b - a +0 robe
 j - a +0 ring mail (worn)
   (You found it on level 1 of the Dungeon)
Jewellery
 v - a +6 ring of dexterity (left hand)
   (You found it on level 3 of the Dungeon)
Wands
 s - a wand of polymorph (1)
   (You found it on level 3 of the Dungeon)
Scrolls
 h - 2 scrolls of enchant weapon {unknown}
 i - a scroll of teleportation {@r4}
 m - a scroll of vulnerability {!r}
 n - 3 scrolls of enchant armour {unknown}
 q - 2 scrolls of poison
 r - a scroll of torment {unknown}
 t - a scroll of fear
 x - a scroll of blinking
Potions
 c - a potion of curing {@q1}
 e - a potion of mutation {unknown}
 f - a potion of heal wounds {unknown}
 o - 2 potions of cancellation {unknown}
 p - 2 potions of attraction {!q}
 u - a potion of berserk rage {unknown}
 w - a potion of ambrosia


   Skills:
 + Level 4.8 Fighting
 * Level 5.4 Maces & Flails
 + Level 2.9 Armour
 + Level 3.5 Dodging
 - Level 2.7 Stealth


You had 6 spell levels left.
You didn't know any spells.
Your spell library contained the following spells:

 Spells                   Type           Power      Damage    Failure   Level
 Slow                     Hex            0%         N/A       58%         1
 Confusing Touch          Hex            0%         N/A       92%         3
 Tukima's Dance           Hex            0%         N/A       92%         3
 Vampiric Draining        Necr           0%         2d6       92%         3
 Anguish                  Hex/Necr       0%         N/A       100%        4
 Passage of Golubria      Tloc           0%         N/A       100%        4
 Yara's Violent Unravell  Hex/Tmut       0%         3d3       100%        5
 Enfeeble                 Hex            0%         N/A       100%        7


Dungeon Overview and Level Annotations

Branches:
Dungeon (5/15)
 Temple: D:4-7

Altars:
Makhleb
Wu Jian


Innate Abilities, Weirdness & Mutations

You are immune to sickness and miasma.
Your stone body is resilient. (AC +4)
You are immune to poison.
You resist negative energy. (rN+)
You are resistant to electric shocks. (rElec)
You are resistant to unholy torment.
You are immune to petrification.


Message History

Something hits you but does no damage. The orc priest barely misses you.
The orc barely misses you. The orc barely misses you.
Something hits you but does no damage.
The orc priest hits you but does no damage.
The orc hits you but does no damage.
In your confused state, you trip and fall back down the stairs.
The orc barely misses you.
You hear some strange, mumbled words.
Something tries to affect you, but you resist.
The orc hits you with a +0 whip. The orc priest hits you with a +0 whip.
You are too confused!
You feel very mighty all of a sudden. The orc hits you but does no damage.
You hear some strange, mumbled words.
You are more confused.
The orc priest closely misses you. The orc completely misses you.
You hit the orc priest. The orc hits you but does no damage.
The orc priest barely misses you. Something hits you but does no damage.
The orc hits you but does no damage. The orc completely misses you.
The orc hits you but does no damage. Something hits you.
The orc priest mumbles some strange prayers to Beogh against you.
Beogh smites you!
* * * LOW HITPOINT WARNING * * *
You're too confused to move!
The orc hits you with a +0 club.
* * * LOW HITPOINT WARNING * * *
Something hits you but does no damage. The orc misses you.
The orc priest hits you but does no damage.
The orc barely misses you. Something hits you.
* * * LOW HITPOINT WARNING * * *
The orc priest looks satisfied for a moment.
The orc hits you but does no damage.
In your confused state, you trip and fall back down the stairs.
* * * LOW HITPOINT WARNING * * *
The orc closely misses you. The orc barely misses you.
The orc priest closely misses you. Something hits you but does no damage.
You hit the orc priest.
An orc wizard appears from thin air!
Reactivating autopickup.
The orc hits you with a +0 club.
* * * LOW HITPOINT WARNING * * *
The orc wizard hits you but does no damage.
The orc barely misses you.
The orc priest mumbles some strange prayers to Beogh against you.
Beogh smites you!
You die...

..### ##########
......####...o@...#
#....))...ooo..#
#.#####..>.....# ....
#........# ..#.####
#........# ##......#
#........#
........####........#
##..(...##....#######
........##.######


You could see an orc priest, an orc wizard and 2 orcs.

Vanquished Creatures
  A phantom (D:4)
  A bullfrog (D:4)
  A scorpion (D:4)
  An orc priest (D:4)
  2 hounds (D:4)
  A jelly (D:3)
  An iguana (D:3)
  A gnoll (D:1)
  An adder (D:2)
  2 dart slugs (D:2)
  13 orcs
  4 ball pythons
  9 endoplasms
  3 giant cockroaches
  13 goblins
  7 hobgoblins
  6 jackals
  6 quokkas
  6 bats
  2 frilled lizards
  4 kobolds
  7 rats
92 creatures vanquished.

Notes
Turn   | Place    | Note
-------+----------+-------------------------------------------
     0 | D:1      | bladeefan the Gargoyle Monk began the quest for the Orb.
     0 | D:1      | Reached XP level 1. HP: 14/14 MP: 1/1
   183 | D:1      | Reached XP level 2. HP: 11/19 MP: 2/2
   956 | D:1      | Reached XP level 3. HP: 12/23 MP: 3/3
  1609 | D:2      | Reached XP level 4. HP: 29/29 MP: 4/4
  1916 | D:2      | Found a burning altar of Makhleb.
  2201 | D:2      | Reached skill level 1 in Armour
  2374 | D:3      | Reached skill level 4 in Maces & Flails
  2723 | D:3      | Found a faded altar of an unknown god.
  2788 | D:3      | Reached XP level 5. HP: 33/33 MP: 5/5
  3723 | D:4      | Found an ornate altar of the Wu Jian Council.
  3850 | D:4      | Reached XP level 6. HP: 28/39 MP: 6/6
  3982 | D:4      | Reached skill level 5 in Maces & Flails
  4449 | D:4      | Reached XP level 7. HP: 33/44 MP: 7/7
  5138 | D:5      | Entered Level 5 of the Dungeon
  5290 | D:5      | Killed from afar by an orc priest

Illustrated notes

Levels and vault maps discovered:
D:1:      minmay_arrival_shoal_huts, layout_rooms, minmay_tetromino_t2
D:2:      layout_loops_ring, basic_altar
D:3:      layout_loops_ring, hellmonk_ecumenical_altar_zigzags
D:4:      layout_basic, pdpol_wu_jian_five_deadly_venoms
D:5:      layout_rooms, minmay_temple_entry_tees

Skill      XL: |  1  2  3  4  5  6 |
---------------+-------------------+-----
Armour         | 1 2 |  2.9
Maces & Flails | 4 5 |  5.4
Fighting       | 4 |  4.8
Dodging        | 3 |  3.5
Stealth        | |  2.7

Action                   |  1- 3 |  4- 6 |  7- 9 || total
-------------------------+-------+-------+-------++-------
Melee: Mace              |   124 |   152 |    51 ||   327
       Punch             |     2 |     2 |       ||     4
  Use: Scroll            |     1 |     6 |       ||     7
       Potion            |     1 |     3 |     1 ||     5
 Stab: Sleeping          |       |     3 |       ||     3
Armor: Robe              |    26 |       |       ||    26
       Ring mail         |    20 |    69 |    33 ||   122
Dodge: Dodged            |    99 |    94 |    55 ||   248

Table legend: (Time is in decaauts)
 A = Elapsed time spent in this place.
 B = Non-inter-level travel time spent in this place.
 C = Inter-level travel time spent in this place.
 D = Time resting spent in this place.
 E = Time spent auto-exploring this place.
 F = Levels seen in this place.
 G = Mean time per level.
                   A        B        C        D        E       F      G
               +--------+--------+--------+--------+--------+-----+--------+
         Total |   5360 |   5248 |    112 |   1120 |   3164 |   5 | 1072.0 |
       Dungeon |   5360 |   5248 |    112 |   1120 |   3164 |   5 | 1072.0 |
               +--------+--------+--------+--------+--------+-----+--------+

Top non-repeatable levels by time:
     D:3: 1580 daAuts
     D:1: 1331 daAuts
     D:4: 1309 daAuts
     D:2: 984 daAuts
     D:5: 154 daAuts
